[Event "Titled Tuesday Blitz April 12 Late 2022"]
[White "Foisor, Sabina-Francesca"]
[Black "Mikhalsky, Vladimir"]
[WhiteFideId "1212915"]
[BlackFideId "14144352"]
[WhiteElo "2243"]
[BlackElo "2301"]
[Result "0-1"]
[Round "11"]
[TimeControl "180+1"]
[Date "2022.04.13"]
[WhiteClock "0:00:19"]
[BlackClock "0:00:15"]

1. d4 Nf6 2. c4 g6 3. Nf3 Bg7 4. g3 O-O 5. Bg2 c5 6. d5 e6 7. O-O exd5 8. cxd5 d6 9. Nc3 Re8 10. Bg5 h6 11. Bf4 Nh5 12. Be3 Nd7 13. Qd2 Kh7 14. Nb5 Ndf6 15. a4 Ng4 16. Bf4 g5 17. h3 gxf4 18. hxg4 Bxg4 19. gxf4 Rg8 20. Nh2 Qh4 21. Qd3+ Kh8 22. Nxg4 Qxg4 23. Qf3 Qg6 24. f5 Qg5 25. Nxd6 Raf8 26. Ne4 Qh4 27. Qh3 Qxh3 28. Bxh3 Bxb2+ 29. Kh1 Bxa1 30. Rxa1 Nf4 31. Bf1 Nxd5 32. Rd1 Rd8 33. e3 Kg7 34. Bc4 Nf6 35. Rg1+ Kf8 36. Nxf6 Rxg1+ 37. Kxg1 Rd1+ 38. Kg2 Rc1 39. Bd5 b6 40. Ng4 h5 41. Nf6 h4 42. e4 c4 43. e5 c3 44. Be4 c2 45. Bxc2 Rxc2 46. Nh7+ Kg7 47. Ng5 Rc4 48. Kh3 Rxa4 49. Nf3 Rf4 50. Nxh4 Rxf2 51. Kg3 Re2 52. f6+ Kf8 53. Kf4 a5 54. Nf3 a4 55. Nd4 Re1 56. e6 fxe6 57. Kg5 a3 58. Kg6 a2 59. Nb3 Rb1 60. Na1 Rxa1 61. f7 Rf1 62. Kh7 a1=N 63. Kh6 Nc2 64. Kh5 Ne3 65. Kh4 Rg1 66. Kh3 Kxf7 67. Kh2 Rg2+ 68. Kh3 b5 69. Kh4 b4 70. Kh5 b3 71. Kh4 0-1


[Site "https://www.chess.com"]

[Event "Titled Tuesday Blitz April 12 Late 2022"]
[White "Gharibyan, Mamikon"]
[Black "Sernecki, Franciszek"]
[WhiteFideId "13308300"]
[BlackFideId "1169297"]
[WhiteElo "2254"]
[BlackElo "2165"]
[Result "1-0"]
[Round "11"]
[TimeControl "180+1"]
[Date "2022.04.12"]
[WhiteClock "0:00:08"]
[BlackClock "0:00:05"]

1. c4 e6 2. Nc3 Nf6 3. d4 Bb4 4. a3 Bxc3+ 5. bxc3 O-O 6. f3 Nh5 7. Nh3 f5 8. Nf2 f4 9. e3 d6 10. exf4 Nxf4 11. g3 Ng6 12. f4 e5 13. Bg2 exf4 14. O-O fxg3 15. hxg3 Nc6 16. Ne4 Bf5 17. Ng5 h6 18. Bd5+ Kh8 19. Nf7+ Rxf7 20. Bxf7 Qf6 21. Bd5 Nge7 22. Bg2 Qg6 23. Bf4 Rf8 24. c5 Be4 25. cxd6 cxd6 26. Qe2 Bd3 27. Qf3 Bxf1 28. Rxf1 a6 29. Kh2 Rf5 30. Bh3 Rf8 31. Re1 Qc2+ 32. Bg2 Qg6 33. Qe2 Nf5 34. Qe6 Qh5+ 35. Kg1 Nh4 36. Qe2 Qxe2 37. Rxe2 Nxg2 38. Kxg2 d5 39. Re6 Kg8 40. Rd6 Rd8 41. Re6 Kf7 42. Re1 Re8 43. Rb1 b5 44. Kf3 g5 45. Bd6 Na5 46. a4 bxa4 47. Ra1 Nc4 48. Bb4 a3 49. Bxa3 Re3+ 50. Kg4 Rxc3 51. Bc5 a5 52. Kh5 Rxg3 53. Kxh6 g4 54. Kg5 Rf3 55. Kxg4 Rb3 56. Kf5 Ne3+ 57. Ke5 Rb5 58. Re1 Nc4+ 59. Kxd5 Nb6+ 60. Kc6 Rb1 61. Rxb1 Nc4 62. Kb5 Na3+ 63. Bxa3 a4 64. Kc6 Ke6 65. d5+ Kf5 66. d6 Kf4 67. d7 Kf3 68. d8=Q Kf2 69. Qe7 Kf3 70. Qe5 Kg2 71. Rb4 Kf2 72. Rf4+ Kg3 73. Qg5+ Kh2 74. Rh4# 1-0


[Site "https://www.chess.com"]

[Event "Titled Tuesday Blitz April 12 Late 2022"]
[White "Goryachkina, Aleksandra"]
[Black "Vusatiuk, Vladimir"]
[WhiteFideId "4147103"]
[BlackFideId "14118610"]
[WhiteElo "2426"]
[BlackElo "2157"]
[Result "1-0"]
[Round "11"]
[TimeControl "180+1"]
[Date "2022.04.12"]
[WhiteClock "0:00:20"]
[BlackClock "0:00:01"]

1. e4 Nc6 2. Nc3 e6 3. Nf3 d5 4. exd5 exd5 5. d4 Bg4 6. Be2 Nf6 7. h3 Bh5 8. O-O Bd6 9. Bg5 Ne7 10. Bxf6 gxf6 11. Nh4 Bg6 12. Bd3 Qd7 13. Qf3 Bxd3 14. Qxd3 O-O-O 15. Qf3 Ng6 16. Nxg6 hxg6 17. Nxd5 Qc6 18. c4 Qxc4 19. Rfd1 Qxd5 20. Qxd5 Bh2+ 21. Kxh2 Rxd5 22. Rac1 Rhd8 23. Rc4 c6 24. a4 Kd7 25. Rd3 f5 26. Kg3 Ke6 27. Rb4 b5 28. axb5 cxb5 29. Ra3 R8d7 30. Ra6+ Ke7 31. Ra5 Rxd4 32. Rxd4 Rxd4 33. Rxb5 Rd7 34. Kf4 Kf6 35. Ke3 g5 36. b4 Kg6 37. g4 fxg4 38. hxg4 Kf6 39. f3 a6 40. Rb6+ Ke7 41. Rxa6 Rb7 42. Ra4 Kd6 43. Kd4 Kc6 44. Kc4 Re7 45. Ra6+ Kb7 46. Rf6 1-0


[Site "https://www.chess.com"]

[Event "Titled Tuesday Blitz April 12 Late 2022"]
[White "Grave, Jacob Templen"]
[Black "Levin, Anthony"]
[WhiteFideId "1542656"]
[BlackFideId "30940680"]
[WhiteElo "1737"]
[BlackElo "2109"]
[Result "0-1"]
[Round "11"]
[TimeControl "180+1"]
[Date "2022.04.13"]
[WhiteClock "0:00:02"]
[BlackClock "0:00:07"]

1. b3 d5 2. Bb2 Bf5 3. e3 e6 4. Nf3 Nf6 5. c4 c6 6. Nc3 Nbd7 7. Be2 h6 8. O-O Be7 9. d4 O-O 10. Rc1 a5 11. Nd2 Re8 12. f3 Nf8 13. Kh1 c5 14. Na4 cxd4 15. Bxd4 N8d7 16. cxd5 exd5 17. Bb5 Ba3 18. Bb2 Bxb2 19. Nxb2 Rxe3 20. Re1 Rxe1+ 21. Qxe1 Rc8 22. Nf1 Rxc1 23. Qxc1 Qb6 24. Ne3 Be6 25. Bd3 Qc5 26. Qd2 Qb4 27. Qxb4 axb4 28. Nc2 Nc5 29. Nxb4 Nxd3 30. N2xd3 Kf8 31. Nc5 b6 32. Nxe6+ fxe6 33. Kg1 Ke7 34. Kf2 Kd6 35. Ke3 e5 36. Nd3 Nd7 37. b4 d4+ 38. Ke4 Ke6 39. f4 Nf6+ 40. Kf3 e4+ 41. Ke2 exd3+ 42. Kxd3 Kd5 43. h3 h5 44. a4 h4 45. a5 bxa5 46. bxa5 Nd7 47. f5 Nc5+ 48. Kd2 Kc4 49. Ke2 d3+ 50. Kd2 Nb3+ 51. Ke3 Nxa5 52. f6 gxf6 53. Kd2 Nb3+ 54. Kd1 Kc3 55. Ke1 Kc2 56. g4 hxg3 57. Kf1 d2 58. Kg2 d1=Q 59. h4 Qg4 60. h5 Qxh5 61. Kf1 Qe5 62. Kg1 Qc5+ 63. Kg2 Qc6+ 64. Kh3 f5 65. Kh4 Qf6+ 66. Kh3 f4 67. Kg2 Kd3 68. Kg1 Ke2 69. Kg2 f3+ 70. Kxg3 Qg5+ 71. Kh3 Qh5+ 72. Kg3 Qg5+ 73. Kh3 f2 74. Kh2 Nc5 75. Kh3 f1=Q+ 76. Kh2 Qfg2# 0-1


[Site "https://www.chess.com"]

[Event "Titled Tuesday Blitz April 12 Late 2022"]
[White "Guzman Moneo, Alberto"]
[Black "Stanisz, Patryk"]
[WhiteFideId "2209616"]
[BlackFideId "1123106"]
[WhiteElo "2157"]
[BlackElo "1833"]
[Result "1-0"]
[Round "11"]
[TimeControl "180+1"]
[Date "2022.04.13"]
[WhiteClock "0:00:12"]
[BlackClock "0:00:01"]

1. e4 c6 2. Nf3 d5 3. d3 g6 4. e5 Bg4 5. d4 Bg7 6. Be2 e6 7. c4 Ne7 8. Nc3 Nd7 9. cxd5 Nxd5 10. O-O O-O 11. Bg5 Qb6 12. Ne4 c5 13. h3 Bxf3 14. Bxf3 cxd4 15. Nf6+ N7xf6 16. exf6 Nxf6 17. a4 e5 18. a5 Qe6 19. a6 e4 20. axb7 Rab8 21. Re1 Rxb7 22. Bxf6 Qxf6 23. Rxe4 Rxb2 24. Rxa7 Rfb8 25. Qa4 h5 26. Re8+ Kh7 27. Rxb8 Rxb8 28. Be4 Qf4 29. Qc2 d3 30. Qxd3 Rb2 31. Qf3 Qxf3 32. Bxf3 Rxf2 33. Rxf7 Rb2 34. Rb7 Rd2 35. Kf1 Kg8 36. Ke1 Rd4 37. Ke2 Be5 38. Ke3 Rd6 39. Ke4 Bg3 40. Ke3 Re6+ 41. Be4 Rd6 42. Kf3 Kf8 43. Kxg3 Rf6 44. Bf3 g5 45. Bxh5 Kg8 46. Bf3 Kf8 47. Kg4 Rf4+ 48. Kxg5 Rd4 49. h4 Rd6 50. h5 Kg8 51. h6 Kh8 52. Kh5 Rd7 53. Rxd7 1-0


[Site "https://www.chess.com"]

[Event "Titled Tuesday Blitz April 12 Late 2022"]
[White "Hartikainen, Jarmo"]
[Black "Harish, Neeraj"]
[WhiteFideId "503134"]
[BlackFideId "30958130"]
[WhiteElo "2100"]
[BlackElo "1574"]
[Result "1-0"]
[Round "11"]
[TimeControl "180+1"]
[Date "2022.04.13"]
[WhiteClock "0:01:04"]
[BlackClock "0:00:53"]

1. e4 c5 2. c3 Nf6 3. e5 Nd5 4. d4 cxd4 5. cxd4 d6 6. Nf3 Nc6 7. Nc3 Nxc3 8. bxc3 dxe5 9. Nxe5 Nxe5 10. dxe5 Qxd1+ 11. Kxd1 g6 12. Bb5+ Bd7 13. Bxd7+ Kxd7 14. Kc2 Bg7 15. f4 Rac8 16. Be3 b6 17. Rhd1+ Kc7 18. a4 Kb7 19. Rd7+ Rc7 20. Rxc7+ Kxc7 21. a5 Kb7 22. axb6 axb6 23. Rb1 Ra8 24. Rxb6+ Kc7 25. Rb2 f6 26. Bd4 fxe5 27. fxe5 Rf8 28. Kd3 Rf5 29. Ke4 Rf1 30. Kd5 Rd1 31. Ra2 Kb8 32. Ke6 Re1 33. g3 g5 34. Rf2 g4 35. Rf7 Bh6 36. Rxh7 1-0


[Site "https://www.chess.com"]

[Event "Titled Tuesday Blitz April 12 Late 2022"]
[White "Holt, Conrad"]
[Black "Vasquez Schroeder, Rodrigo"]
[WhiteFideId "2034387"]
[BlackFideId "3400042"]
[WhiteElo "2586"]
[BlackElo "2561"]
[Result "0-1"]
[Round "11"]
[TimeControl "180+1"]
[Date "2022.04.12"]
[WhiteClock "0:00:04"]
[BlackClock "0:00:22"]

1. d4 Nf6 2. c4 e6 3. Nc3 Bb4 4. Qc2 d6 5. Bd2 c5 6. dxc5 Bxc5 7. Nf3 a6 8. Ne4 Nxe4 9. Qxe4 Nd7 10. b4 Nf6 11. Qd3 Bb6 12. e3 O-O 13. Be2 a5 14. O-O axb4 15. Bxb4 Bc5 16. a3 Qc7 17. Nd4 Bd7 18. Bf3 e5 19. Nb3 Be6 20. Rfc1 Bxb4 21. axb4 Rxa1 22. Nxa1 d5 23. Qa3 dxc4 24. b5 Bd5 25. Be2 Rc8 26. Nc2 Qc5 27. Qxc5 Rxc5 28. Na3 c3 29. Nb1 c2 30. Na3 Bb3 31. Kf1 Ba4 32. Ke1 Nd5 33. Bc4 Nb4 34. Kd2 e4 35. Ra1 Kf8 36. Kc3 Nd3 37. Nxc2 Bxb5 38. Ra8+ Ke7 39. Na3 Bxc4 40. Nxc4 b5 41. Kd4 Rxc4+ 42. Kd5 Nb4+ 43. Ke5 Nc6+ 44. Kd5 Kd7 45. Rf8 Ne7+ 46. Ke5 f6+ 47. Kf4 Ng6+ 48. Kg3 Nxf8 0-1


[Site "https://www.chess.com"]

[Event "Titled Tuesday Blitz April 12 Late 2022"]
[White "Indjic, Aleksandar"]
[Black "Quintiliano Pinto, Renato R."]
[WhiteFideId "911925"]
[BlackFideId "2117568"]
[WhiteElo "2616"]
[BlackElo "2439"]
[Result "1-0"]
[Round "11"]
[TimeControl "180+1"]
[Date "2022.04.12"]
[WhiteClock "0:00:08"]
[BlackClock "0:00:10"]

1. d4 Nf6 2. c4 e6 3. Nf3 b6 4. a3 Bb7 5. Nc3 d5 6. cxd5 Nxd5 7. Qc2 Be7 8. e4 Nxc3 9. bxc3 O-O 10. Bd3 c5 11. O-O Nd7 12. Qe2 Rc8 13. a4 cxd4 14. cxd4 Bb4 15. Rb1 a5 16. Bb2 Nf6 17. h4 Qe7 18. Rbc1 Ba3 19. Bxa3 Qxa3 20. Rb1 Qxa4 21. Rxb6 Ba8 22. Rbb1 Rc3 23. e5 Bxf3 24. gxf3 Nd5 25. Qe4 g6 26. Ra1 Ra3 27. Rxa3 Qxa3 28. h5 Rc8 29. hxg6 hxg6 30. Kh2 Kg7 31. Kg3 Rh8 32. Bb1 Qe7 33. Qg4 Rh5 34. f4 Qa3+ 35. Kg2 Qb2 36. Qf3 Qxd4 37. Be4 Nc3 38. Re1 a4 39. Kg3 a3 40. Re3 Nxe4+ 41. Qxe4 Qa1 42. Re1 Qb2 43. Re2 Qb3+ 44. Re3 Qd1 45. Re1 Qd2 46. Re2 Qa5 47. Qc2 Qb4 48. Qe4 Qa5 49. Qc2 Rh8 50. Qb3 Ra8 51. Ra2 Qa4 52. Qf3 Ra5 53. Qg4 Qc4 54. Qg5 Ra8 55. Ra1 Qd3+ 56. f3 Qf5 57. Qh4 Rh8 58. Qf6+ Qxf6 59. exf6+ Kxf6 60. Rxa3 Rh5 61. Ra7 Rb5 62. Rc7 Rb1 63. Ra7 Rg1+ 64. Kf2 Rc1 65. Kg3 Kg7 66. Rb7 Rc5 67. Ra7 Rf5 68. Rb7 Kh6 69. Ra7 Rf6 70. Rb7 Kg7 71. Ra7 Rf5 72. Rb7 Rd5 73. Rc7 Kf8 74. Rb7 Ke8 75. Ra7 Rd7 76. Ra8+ Ke7 77. Kg4 Kf6 78. Rf8 Kg7 79. Rc8 Re7 80. Rb8 Kh6 81. Kg3 Kh5 82. Rh8# 1-0


[Site "https://www.chess.com"]

[Event "Titled Tuesday Blitz April 12 Late 2022"]
[White "Janturin, Artur"]
[Black "Reprintsev, Alexander"]
[WhiteFideId "4130022"]
[BlackFideId "14100541"]
[WhiteElo "2357"]
[BlackElo "2108"]
[Result "1-0"]
[Round "11"]
[TimeControl "180+1"]
[Date "2022.04.13"]
[WhiteClock "0:00:22"]
[BlackClock "0:00:07"]

1. b3 e5 2. Bb2 f6 3. e3 d5 4. d4 Nc6 5. Nf3 e4 6. Nfd2 f5 7. c4 Nf6 8. Nc3 Be6 9. Be2 Nb4 10. O-O c6 11. a3 Na6 12. b4 Nc7 13. Rc1 Be7 14. Nb3 O-O 15. Nc5 Bc8 16. cxd5 cxd5 17. Nb5 Nxb5 18. Bxb5 b6 19. Na6 Bd6 20. Qc2 Bd7 21. Bxd7 Qxd7 22. Qc6 Rfd8 23. Qxd7 Rxd7 24. Rc6 Kf7 25. Rfc1 Ne8 26. a4 Ke7 27. b5 g5 28. Bc3 Rad8 29. Bb4 Bxb4 30. Nxb4 Nf6 31. Kf1 f4 32. Ke2 h5 33. h3 Kf7 34. Rc7 Ke6 35. R1c6+ Ke7 36. Rc1 fxe3 37. Nc6+ Ke6 38. Nxd8+ Rxd8 39. fxe3 Ne8 40. R1c6+ Nd6 41. Rxa7 Kf5 42. a5 bxa5 43. b6 g4 44. h4 g3 45. Rxa5 Kg4 46. Rxd5 Ra8 47. Rcxd6 Ra2+ 48. Kd1 Rxg2 49. Rb5 Rg1+ 50. Kc2 g2 51. Rg6+ Kf3 52. b7 Re1 53. b8=Q Re2+ 54. Kc3 Rxe3+ 55. Kc4 Kf2 56. Qf4+ Rf3 57. Qxe4 1-0


[Site "https://www.chess.com"]

[Event "Titled Tuesday Blitz April 12 Late 2022"]
[White "Kalavannan, Koby"]
[Black "Prohorov, Olexandr"]
[WhiteFideId "425753"]
[BlackFideId "14105578"]
[WhiteElo "1927"]
[BlackElo "1993"]
[Result "1-0"]
[Round "11"]
[TimeControl "180+1"]
[Date "2022.04.13"]
[WhiteClock "0:00:05"]
[BlackClock "0:00:01"]

1. d4 g6 2. c4 Bg7 3. e4 d6 4. Nc3 Nc6 5. Be3 e5 6. d5 Nce7 7. f4 exf4 8. Bxf4 f5 9. Bd3 Nf6 10. Nf3 O-O 11. e5 Nh5 12. exd6 Nxf4 13. dxe7 Qxe7+ 14. Kf2 Qc5+ 15. Kf1 Bd7 16. g3 Nxd3 17. Qxd3 Rae8 18. Kg2 Re3 19. Qd2 f4 20. Rae1 Qxc4 21. Rxe3 fxe3 22. Qxe3 Re8 23. Nd2 Qb4 24. Nce4 c6 25. Qb3 a5 26. Qxb4 axb4 27. Kf3 cxd5 28. Nc5 Bc6 29. Rb1 d4+ 30. Kf2 d3 31. Nxd3 Rd8 32. Ke3 Bh6+ 33. Nf4 g5 34. Nh5 g4+ 35. Nf4 Re8+ 36. Kd3 Ra8 37. a3 bxa3 38. Ra1 a2 39. Kc3 Bg7+ 40. Kb3 Ba4+ 41. Kc4 b5+ 42. Kc5 Bxb2 43. Rxa2 Rc8+ 44. Kd6 Bg7 45. Ne4 Rd8+ 46. Ke7 1-0


[Site "https://www.chess.com"]

[Event "Titled Tuesday Blitz April 12 Late 2022"]
[White "Kamsky, Gata"]
[Black "Bortnyk, Olexandr"]
[WhiteFideId "2000024"]
[BlackFideId "14120828"]
[WhiteElo "2645"]
[BlackElo "2723"]
[Result "0-1"]
[Round "11"]
[TimeControl "180+1"]
[Date "2022.04.12"]
[WhiteClock "0:00:04"]
[BlackClock "0:01:01"]

1. d4 d6 2. e4 Nf6 3. Nc3 e5 4. dxe5 dxe5 5. Qxd8+ Kxd8 6. Bc4 Ke8 7. Nge2 Bd6 8. f3 Ke7 9. Nb5 Be6 10. Bxe6 Kxe6 11. Be3 a6 12. Nxd6 Kxd6 13. O-O-O+ Ke6 14. Nc3 Nbd7 15. Rd2 Rhd8 16. Rhd1 Ke7 17. a4 h6 18. b3 Rac8 19. Kb2 Nb8 20. Ne2 Rxd2 21. Rxd2 Rd8 22. Ng3 Rxd2 23. Nf5+ Kd7 24. Bxd2 Ne8 25. g4 Nc6 26. Kc3 Ne7 27. Ng3 Ke6 28. h4 f6 29. h5 Nd6 30. Kd3 Nc6 31. Be3 b6 32. c3 Na5 33. Kc2 c5 34. Bf2 Kd7 35. Nf1 Kc6 36. Ne3 b5 37. axb5+ axb5 38. Nd5 c4 39. b4 Nab7 40. Bb6 Nf7 41. Kd2 Ng5 42. Ke2 Ne6 43. Be3 Kd6 44. Kf2 Nbd8 45. Kg3 Nf7 46. Nb6 Nc7 47. Bc5+ Ke6 48. Bf8 Ne8 49. Nc8 Kd7 50. Na7 Nfd6 51. g5 fxg5 52. Kg4 Kc7 53. Nxb5+ Nxb5 54. Kf5 Nxc3 55. Kxe5 Nb5 0-1


[Site "https://www.chess.com"]

[Event "Titled Tuesday Blitz April 12 Late 2022"]
[White "Kanyamarala, Tarun"]
[Black "Petrovskyi, Vadym"]
[WhiteFideId "45004714"]
[BlackFideId "14165210"]
[WhiteElo "2177"]
[BlackElo "2400"]
[Result "0-1"]
[Round "11"]
[TimeControl "180+1"]
[Date "2022.04.12"]
[WhiteClock "0:00:02"]
[BlackClock "0:01:30"]

1. e3 Nf6 2. f4 g6 3. Nf3 Bg7 4. d3 O-O 5. Be2 d6 6. O-O Nbd7 7. Nc3 e5 8. e4 c6 9. a4 h6 10. f5 Nc5 11. Nh4 Nfxe4 12. Nxe4 Qxh4 13. f6 Bh8 14. g3 Qh3 15. Nxd6 Be6 16. Be3 Nd7 17. Ne4 Rfd8 18. Qd2 Kh7 19. Rf3 Bg4 20. Nf2 Qh5 21. Nxg4 Qxg4 22. Bxh6 Qe6 23. Raf1 e4 24. Rf4 e3 25. Qb4 Bxf6 26. Rxf6 Nxf6 27. Qh4 Nh5 28. Bxh5 gxh5 29. Qxh5 e2 30. Rxf7+ Kg8 31. Rg7+ Kh8 32. Rh7+ Kxh7 0-1


[Site "https://www.chess.com"]

[Event "Titled Tuesday Blitz April 12 Late 2022"]
[White "Kanyamarala, Trisha"]
[Black "Akrakan"]
[WhiteFideId "45004722"]
[WhiteElo "2079"]
[BlackElo "2168"]
[Result "1-0"]
[Round "11"]
[TimeControl "180+1"]
[Date "2022.04.13"]
[WhiteClock "0:00:03"]
[BlackClock "0:00:27"]

1. c4 c5 2. Nc3 Nc6 3. g3 Nf6 4. Bg2 g6 5. d3 Bg7 6. Nf3 O-O 7. O-O e6 8. a3 d5 9. cxd5 exd5 10. d4 cxd4 11. Nb5 Be6 12. Nbxd4 Rc8 13. Bf4 Ne4 14. Be3 Qd7 15. Nxe6 Qxe6 16. Nd4 Nxd4 17. Bxd4 Bxd4 18. Qxd4 Rc2 19. e3 Rfc8 20. Rad1 R8c4 21. Qxa7 Rxb2 22. Qb8+ Kg7 23. Qd8 Nxf2 24. Rxf2 Rxf2 25. Kxf2 Rc2+ 26. Kg1 Qxe3+ 27. Kh1 Qxa3 28. Qxd5 Qb2 29. h3 b5 30. Rf1 f6 31. Qd7+ Kh6 32. Qd5 b4 33. Rf4 g5 34. Rf1 b3 35. Qe6 Rf2 36. Rxf2 Qxf2 37. Qxb3 Qd4 38. Kh2 Qe5 39. Qf7 Qd4 40. Bf3 Qf2+ 41. Bg2 Qd4 42. Qe6 Kg7 43. Qf5 Kh6 44. Be4 Qd2+ 45. Kg1 Qe1+ 46. Kh2 Qd2+ 47. Bg2 Qd4 48. Kh1 Kg7 49. Kh2 h5 50. Qf3 Kh6 51. g4 h4 52. Kh1 Kg6 53. Kh2 Kg7 54. Kh1 Qe5 55. Kg1 Qe1+ 56. Kh2 Qe5+ 57. Kg1 Qe1+ 58. Bf1 Qe5 59. Qg2 Qd4+ 60. Qf2 Kh6 61. Qxd4 1-0


[Site "https://www.chess.com"]

[Event "Titled Tuesday Blitz April 12 Late 2022"]
[White "Karttunen, Mika"]
[Black "Sellitti, Federico"]
[WhiteFideId "502081"]
[BlackFideId "821829"]
[WhiteElo "2343"]
[BlackElo "2541"]
[Result "1-0"]
[Round "11"]
[TimeControl "180+1"]
[Date "2022.04.12"]
[WhiteClock "0:00:03"]
[BlackClock "0:00:01"]

1. c4 c5 2. Nf3 Nc6 3. Nc3 Nf6 4. a3 a6 5. b4 cxb4 6. axb4 Nxb4 7. e4 d6 8. d4 Nc6 9. d5 Nb8 10. c5 g6 11. e5 dxe5 12. Nxe5 Bg7 13. Bb5+ Nfd7 14. Bf4 O-O 15. Qd4 Nxe5 16. Bxe5 Nc6 17. Bxc6 Bxe5 18. Qxe5 bxc6 19. O-O f6 20. Qe4 Bf5 21. Qf3 Qc7 22. dxc6 Be6 23. Rfe1 Bf7 24. Qe4 e5 25. Reb1 Rab8 26. Rxa6 Rxb1+ 27. Qxb1 Rd8 28. Rb6 Rc8 29. Ne4 Bd5 30. Nxf6+ Kg7 31. Nxd5 Qd8 32. Qe4 Qe8 33. g3 Qe6 34. Rb7+ 1-0


[Site "https://www.chess.com"]

[Event "Titled Tuesday Blitz April 12 Late 2022"]
[White "Kavyev, Ruslan"]
[Black "Broca Jimenez, Fernando"]
[WhiteFideId "34110981"]
[BlackFideId "5104742"]
[WhiteElo "2182"]
[BlackElo "2062"]
[Result "1-0"]
[Round "11"]
[TimeControl "180+1"]
[Date "2022.04.13"]
[WhiteClock "0:01:08"]
[BlackClock "0:00:13"]

1. e4 c5 2. Nf3 g6 3. c3 Bg7 4. d4 cxd4 5. cxd4 d5 6. e5 Bg4 7. Nbd2 e6 8. Bb5+ Nd7 9. O-O Ne7 10. h3 Bxf3 11. Nxf3 O-O 12. Bf4 Rc8 13. Qd2 Nb6 14. b3 Nc6 15. Bh6 Qe7 16. Bxg7 Kxg7 17. Nh2 f5 18. exf6+ Qxf6 19. Bxc6 Rxc6 20. Rfe1 Qf4 21. Qe2 Qf5 22. Ng4 Nd7 23. Rac1 Rfc8 24. Rxc6 Rxc6 25. Qe3 g5 26. Qg3 Qf4 27. Qd3 h5 28. g3 Qf7 29. Ne5 Nxe5 30. Rxe5 Qf6 31. Qe3 Qg6 32. Rxg5 Rc1+ 33. Kg2 Qxg5 34. Qxg5+ Kf7 35. Qxc1 1-0


[Site "https://www.chess.com"]

[Event "Titled Tuesday Blitz April 12 Late 2022"]
[White "Kazakouski, Valery"]
[Black "Aldokhin, Ivan"]
[WhiteFideId "13507443"]
[BlackFideId "24115720"]
[WhiteElo "2524"]
[BlackElo "2231"]
[Result "1-0"]
[Round "11"]
[TimeControl "180+1"]
[Date "2022.04.12"]
[WhiteClock "0:00:17"]
[BlackClock "0:00:05"]

1. d4 Nf6 2. c4 g6 3. Nc3 Bg7 4. e4 d6 5. h3 O-O 6. Be3 Nc6 7. d5 Nb4 8. Nf3 Re8 9. a3 Na6 10. Bd3 e6 11. O-O exd5 12. cxd5 Nc5 13. Qc2 Nxd3 14. Qxd3 Qe7 15. Rfe1 Bd7 16. Rad1 Nh5 17. Bd4 Nf4 18. Qd2 Bxd4 19. Qxd4 f6 20. Qe3 g5 21. Nd4 Qg7 22. Rc1 a6 23. Qf3 Re5 24. Nce2 Nxe2+ 25. Qxe2 Rc8 26. Qd3 Qe7 27. Re3 Qg7 28. b4 Qg6 29. Rce1 Rce8 30. Qc2 Rc8 31. Rg3 h5 32. f4 Re7 33. f5 Qe8 34. Ne6 Bxe6 35. fxe6 Qb5 36. Rf3 Rf8 37. Ref1 Kg7 38. Qc3 Qe2 39. Rxf6 1-0


[Site "https://www.chess.com"]

[Event "Titled Tuesday Blitz April 12 Late 2022"]
[White "Koziorowicz, Michal"]
[Black "Sheng, Joshua"]
[WhiteFideId "21809194"]
[BlackFideId "2057360"]
[WhiteElo "2235"]
[BlackElo "2142"]
[Result "1-0"]
[Round "11"]
[TimeControl "180+1"]
[Date "2022.04.12"]
[WhiteClock "0:01:20"]
[BlackClock "0:01:18"]

1. e4 c5 2. Nf3 d6 3. Bb5+ Nd7 4. d4 cxd4 5. Qxd4 a6 6. Bxd7+ Bxd7 7. Nc3 e5 8. Qd3 h6 9. O-O Nf6 10. Be3 Bc6 11. Nd2 Be7 12. Nd5 O-O 13. c4 Nxd5 14. exd5 Bd7 15. b4 f5 16. c5 Bb5 17. Nc4 e4 18. Qb3 f4 19. cxd6 Bxd6 20. Bc5 Bxc5 21. bxc5 Qxd5 22. Rac1 Kh8 23. Rfd1 Qg5 24. Nd6 f3 25. g3 Qg4 26. Kh1 Bc6 27. Rd4 Rad8 28. Nf7+ Kh7 29. Rxd8 Qh3 30. Rg1 Rxd8 31. Nxd8 Bb5 32. Qe6 1-0


[Site "https://www.chess.com"]

[Event "Titled Tuesday Blitz April 12 Late 2022"]
[White "Lashkin, Jegor"]
[Black "Sokolovsky, Yahli"]
[WhiteFideId "13907808"]
[BlackFideId "2820242"]
[WhiteElo "2368"]
[BlackElo "1770"]
[Result "0-1"]
[Round "11"]
[TimeControl "180+1"]
[Date "2022.04.12"]
[WhiteClock "0:00:14"]
[BlackClock "0:00:27"]

1. Nf3 d6 2. d4 g6 3. b3 Bg7 4. Bb2 c5 5. e3 Nc6 6. Be2 cxd4 7. Nxd4 Nxd4 8. Bxd4 Bxd4 9. Qxd4 Nf6 10. O-O O-O 11. c4 Qa5 12. Nc3 Bd7 13. Rfd1 Bc6 14. Rac1 Qc5 15. Qd2 Rac8 16. Qb2 Qg5 17. Bf1 Ng4 18. h3 Nf6 19. Qd2 b6 20. Qd4 Qc5 21. Qd2 Ne4 22. Nxe4 Bxe4 23. Qb2 Qg5 24. Rd4 Bb7 25. Rcd1 Rc5 26. Rg4 Qe5 27. Rgd4 Rfc8 28. Qd2 Qe6 29. a4 Rg5 30. Kh2 Rh5 31. Qe2 Qe5+ 32. f4 Qf6 33. g4 Rhc5 34. Qf2 a6 35. R1d2 Qe6 36. b4 R5c7 37. Bd3 a5 38. b5 Rc5 39. Bf1 h5 40. Kg3 hxg4 41. hxg4 Kg7 42. Qe1 Rh8 43. Rh2 Rxh2 44. Kxh2 Qxg4 45. Bh3 Rh5 46. Qf1 Bc8 47. f5 Qxf5 48. Kg1 Qxh3 0-1


[Site "https://www.chess.com"]

[Event "Titled Tuesday Blitz April 12 Late 2022"]
[White "Manolache, Marius"]
[Black "Ansh M Shah"]
[WhiteFideId "1201530"]
[BlackFideId "25033379"]
[WhiteElo "2364"]
[BlackElo "1819"]
[Result "1/2-1/2"]
[Round "11"]
[TimeControl "180+1"]
[Date "2022.04.12"]
[WhiteClock "0:00:26"]
[BlackClock "0:00:15"]

1. Nf3 Nf6 2. g3 g6 3. Bg2 Bg7 4. O-O O-O 5. d3 d5 6. Nbd2 c5 7. e4 d4 8. Nh4 b6 9. h3 Bb7 10. f4 Nc6 11. g4 e5 12. g5 Nh5 13. f5 Qxg5 14. Ndf3 Qg3 15. Bd2 Nf4 16. Be1 Nxh3+ 17. Kh1 Qg4 18. Nxe5 Nxe5 19. Qxg4 Nxg4 20. Bxh3 Ne3 21. Rf2 Be5 22. Ng2 Bg3 23. Re2 Bxe1 24. Nxe3 dxe3 25. Rexe1 c4 26. Rxe3 cxd3 27. cxd3 Rac8 28. Re2 Rc7 29. Kg2 Rd8 30. Rd1 Re7 31. Kf2 f6 32. Ke3 Rxe4+ 33. dxe4 Rxd1 34. Bg4 Rd8 35. Kf4 g5+ 36. Ke3 Re8 37. Kd4 Re7 38. b4 Kf7 39. b5 Ke8 40. a4 Kd7 41. e5 fxe5+ 42. Rxe5 Rxe5 43. Kxe5 Ke7 44. f6+ Kf8 45. Bh5 h6 46. Kd6 Be4 47. Kc7 Bc2 48. Kb7 Bxa4 49. Ka6 Kg8 50. Be2 Kf7 51. Kxa7 Kxf6 52. Kxb6 Bxb5 53. Kxb5 Ke5 54. Kc4 Kf4 55. Kd3 g4 56. Bxg4 Kxg4 57. Ke2 Kg3 58. Kf1 Kh2 59. Kf2 h5 60. Kf1 h4 61. Kf2 Kh1 62. Kf1 Kh2 63. Kf2 h3 64. Kf1 Kh1 65. Kf2 h2 66. Kf1 1/2-1/2


[Site "https://www.chess.com"]

[Event "Titled Tuesday Blitz April 12 Late 2022"]
[White "Martic, Ivan"]
[Black "Leitao, Rafael"]
[WhiteFideId "929301"]
[BlackFideId "2101246"]
[WhiteElo "2317"]
[BlackElo "2609"]
[Result "0-1"]
[Round "11"]
[TimeControl "180+1"]
[Date "2022.04.12"]
[WhiteClock "0:00:24"]
[BlackClock "0:00:45"]

1. e4 c5 2. Nf3 d6 3. d4 cxd4 4. Nxd4 Nf6 5. Nc3 Nc6 6. Bg5 e6 7. Qd2 a6 8. O-O-O Bd7 9. f4 Be7 10. Nf3 b5 11. Bxf6 gxf6 12. Kb1 Qb6 13. g3 O-O-O 14. f5 Kb8 15. Bh3 Na5 16. b3 b4 17. Ne2 Nb7 18. fxe6 fxe6 19. Nf4 d5 20. exd5 e5 21. Ne6 Rc8 22. Qe2 Nd6 23. Nxe5 fxe5 24. Qxe5 Ka8 25. Bg2 Ka7 26. Nd4 Rhe8 27. Rhe1 Bf8 28. Qf6 Rxe1 29. Rxe1 Nb5 30. Nc6+ Bxc6 31. dxc6 Nc3+ 32. Ka1 Bc5 33. Re7+ Bxe7 34. Qxe7+ Rc7 35. Qe1 Qd4 0-1


[Site "https://www.chess.com"]